AoeStats
← ArmoV

Arabia

510289900Analyzed
2v2 RM · 1d ago on Sep 30, 2026· 45m 50s· 4 players
Game mode
Random Map
Map size
Medium (4 player)
Population
200
Speed
Normal
Resources
Standard
Victory
Conquest
Starting age
Dark Age
Ending age
Imperial Age
RankedLock teamsTeams togetherTeam positionsShared explorationLock speedFull tech treeHidden civsTurbo modeCheats
Victory
Defeat
🇹🇼 Tatars · Taiwan
1385
+8
🇹🇼 Mongols · Taiwan
1275
+12
🇳🇱 Portuguese · Netherlands
1208
-11
🇬🇷 Wei · Greece
1168
-9
fox0503
7:55 Feudal Age
9:48 Loom
19:46 Castle Age
17:47 Double-Bit Axe
18:44 Bloodlines
19:06 Horse Collar
20:45 Scale Barding Armor
20:58 Bow Saw
21:10 Town Watch
22:45 Husbandry
23:43 Forging
24:29 Chain Barding Armor
24:47 Heavy Plow
27:45 Iron Casting
27:33 Fletching
29:07 Wheelbarrow
29:14 Bodkin Arrow
32:38 Hand Cart
37:52 Imperial Age
37:56 Elite Steppe Lancer
37:57 Heavy Camel Rider
39:38 Blast Furnace
42:45 Town Patrol
44:13 Light Cavalry
44:55 Bracer
jeter4649
6:34 Loom
9:05 Feudal Age
9:50 Double-Bit Axe
14:15 Horse Collar
22:19 Castle Age
20:59 Fletching
21:34 Padded Archer Armor
23:31 Wheelbarrow
22:34 Light Cavalry
22:41 Elite Skirmisher
23:39 Bodkin Arrow
24:37 Bow Saw
25:12 Husbandry
25:36 Forging
27:26 Leather Archer Armor
30:40 Ballistics
31:35 Bloodlines
41:51 Imperial Age
39:30 Silk Armor
41:20 Hand Cart
41:21 Scale Barding Armor
42:32 Iron Casting
42:25 Heavy Cavalry Archer
43:45 Bracer
44:46 Chemistry
45:19 Chain Barding Armor
45:31 Ring Archer Armor
aggelius
6:26 Loom
7:30 Loom
9:24 Feudal Age
10:12 Double-Bit Axe
14:13 Fletching
23:19 Castle Age
21:51 Padded Archer Armor
22:32 Gold Mining
23:27 Crossbowman
24:04 Bodkin Arrow
24:53 Bow Saw
26:58 Leather Archer Armor
34:13 Wheelbarrow
38:27 Imperial Age
36:13 Hand Cart
35:55 Town Watch
38:50 Arbalester
41:31 Bracer
42:01 Ring Archer Armor
43:10 Chemistry
44:32 Thumb Ring
45:17 Ballistics
ArmoV
6:15 Loom
8:49 Feudal Age
9:19 Double-Bit Axe
11:39 Horse Collar
22:25 Castle Age
20:31 Stone Mining
20:35 Gold Mining
23:28 Bloodlines
23:19 Husbandry
23:52 Bow Saw
24:40 Scale Barding Armor
27:36 Chain Barding Armor
28:49 Tuntian
29:59 Pikeman
31:55 Gold Shaft Mining
31:27 Town Watch
32:17 Wheelbarrow
32:04 Forging
34:39 Fletching
35:22 Hand Cart
35:18 Bodkin Arrow
42:12 Imperial Age
40:49 Stone Shaft Mining
41:58 Masonry
41:44 Murder Holes
42:12 Ballistics
42:57 Bracer
43:59 Chemistry
42:24 Elite Tiger Cavalry
43:50 Ming Guang Armor
43:46 Conscription
44:23 Heavy Hei Guang Cavalry
Connection lost

Rejoining the realm…

Still unreachable

The connection could not be restored.

Session expired

The server has moved on; the page needs a fresh start.